 Dungeon Crawl Stone Soup version 0.26-a0-665-gefeb406119 (webtiles) character file.

Game seed: 5117912329206660786

4179 LufLufFighter the Cleaver (level 10, -12/94 HPs)
             Began as a Minotaur Berserker on Oct 13, 2020.
             Was an Elder of Trog.
             Mangled by a two-headed ogre
             ... wielding a +0 giant club
              (28 damage)
             ... on level 8 of the Dungeon.
             The game lasted 00:07:59 (7672 turns).

LufLufFighter the Cleaver (Minotaur Berserker)      Turns: 7672, Time: 00:07:59

Health: -12/94     AC:  3    Str: 25    XL:     10   Next: 8%
Magic:  9/9        EV: 12    Int:  4    God:    Trog [****..]
Gold:   496        SH:  5    Dex: 10    Spells: 9/9 levels left

rFire    . . .     SeeInvis .   y - +4 hand axe
rCold    . . .     Faith    .   (no shield)
rNeg     . . .     Spirit   .   b - +0 animal skin
rPois    .         Reflect  +   (helmet restricted)
rElec    .         Harm     .   (no cloak)
rCorr    +         Rampage  .   i - +0 pair of gloves
MR       .....                  (no boots)
Stlth    +.........             l - amulet of reflection
HPRegen  0.25/turn              f - ring of resist corrosion
MPRegen  0.11/turn              k - +4 ring of slaying

@: berserk cooldown, slowed, very slow
A: retaliatory headbutt, horns 2
a: Berserk, Trog's Hand, Brothers in Arms, Renounce Religion


You were on level 8 of the Dungeon.
You worshipped Trog.
Trog was greatly pleased with you.
You visited 2 branches of the dungeon, and saw 9 of its levels.

You collected 496 gold pieces.

Inventory:

Hand Weapons
 y - a +4 hand axe (weapon)
Missiles
 c - 251 stones (quivered)
Armour
 b - a +0 animal skin (worn)
 i - a +0 pair of gloves (worn)
Jewellery
 f - a ring of resist corrosion (left hand)
 k - a +4 ring of slaying (right hand)
 l - an amulet of reflection (around neck)
 x - a +4 ring of protection {unknown}
 A - a +4 ring of evasion
Wands
 r - a wand of random effects (22)
Scrolls
 h - 6 scrolls of identify
 j - 2 scrolls of teleportation {unknown}
 m - a scroll of amnesia
 n - 2 scrolls of remove curse
 o - a scroll of random uselessness {unknown}
 q - a scroll of fear
 t - 4 scrolls of enchant weapon {unknown}
 v - 2 scrolls of magic mapping {unknown}
 w - 3 scrolls of enchant armour {unknown}
Potions
 a - a potion of degeneration {unknown}
 d - 2 potions of flight {unknown}
 e - a potion of invisibility {unknown}
 g - 5 potions of stabbing
 p - a potion of might {unknown}
 s - 4 potions of curing {unknown}
 u - a potion of heal wounds {unknown}
 z - a potion of haste {unknown}


   Skills:
 * Level 10.4 Fighting
 * Level 14.1 Axes
 - Level 2.4 Armour
 - Level 2.1 Dodging
 - Level 0.3 Stealth


You had 9 spell levels left.
You didn't know any spells.
Your spell library was empty.

Dungeon Overview and Level Annotations

Branches:
Dungeon (8/15)             Temple (1/1) D:6
   Lair: D:8-11

Altars:
Dithmenos
Fedhas
Gozag
Makhleb
Nemelex Xobeh
Qazlal
Trog
Wu Jian
Xom


Innate Abilities, Weirdness & Mutations

You reflexively headbutt those who attack you in melee.
You have a pair of horns on your head.


Message History

Trog accepts your kill.
You slice the orc wizard!!
You kill the orc wizard!
Trog accepts your kill.
Trog appreciates your killing of a magic user.
You closely miss the orc.
You are no longer berserk.
You are exhausted.
You feel yourself slow down.
Items here: ) = [ †.
You slash the orc!
You kill the orc!
Trog accepts your kill.
You slash the orc!
You kill the orc!
Trog accepts your kill.
You slash the two-headed ogre!
The two-headed ogre is lightly wounded.
The two-headed ogre hits you with a +0 giant club!!
You die...

.#........#.# #
..........#.# ########
.....#....<.#####......#
..........#.#..........#
....... ..#.#..........#
......B##.#.#..........#
.###...)#.#.#..........#
.....[O@[)..............
............#.().......#
#####.#######..........#
... #..........# #..
#..........# #..
#...)####### #. #....#
#. ######


You could see a two-headed ogre and a worker ant.

Vanquished Creatures
  2 two-headed ogres (D:8)
  Pikel (D:7)
  2 ice beasts
  2 sky beasts
  2 phantoms
  A centaur (D:7)
  An ogre (D:4)
  A bullfrog (D:7)
  2 scorpions (D:5)
  6 wights
  7 jellies
  5 orc priests
  A hound (D:4)
  10 orc wizards
  A gnoll shaman (D:5)
  4 iguanas
  5 worker ants
  A hound zombie (D:5)
  A hound skeleton (D:7)
  13 adders
  5 gnolls (D:5)
  2 shadow imps
  3 oozes
  An adder zombie (D:5)
  2 adder skeletons
  A worm (D:3)
  2 dart slugs (D:3)
  6 leopard geckos
  28 orcs
  4 giant cockroaches
  13 goblins
  6 hobgoblins
  6 jackals
  6 kobolds
  5 quokkas
  A ball python (D:2)
  2 bats
  8 frilled lizards
  A quokka skeleton (D:5)
  9 rats
179 creatures vanquished.

Notes
Turn   | Place    | Note
-------+----------+-------------------------------------------
     0 | D:1      | LufLufFighter the Minotaur Berserker began the quest for
                  | the Orb.
     0 | D:1      | Reached XP level 1. HP: 19/19 MP: 0/0
   190 | D:1      | Reached XP level 2. HP: 26/27 MP: 1/1
   308 | D:1      | Reached skill level 4 in Axes
   984 | D:2      | Reached XP level 3. HP: 34/34 MP: 2/2
  1191 | D:2      | Found a bloodstained altar of Trog.
  1422 | D:2      | Reached ** piety under Trog
  1993 | D:3      | Reached XP level 4. HP: 29/41 MP: 3/3
  2149 | D:3      | Reached skill level 5 in Fighting
  2149 | D:3      | Reached skill level 5 in Axes
  2389 | D:3      | Reached XP level 5. HP: 29/48 MP: 4/4
  2582 | D:3      | Reached skill level 6 in Axes
  2771 | D:3      | Reached *** piety under Trog
  3002 | D:4      | Reached XP level 6. HP: 53/57 MP: 5/5
  3046 | D:4      | Reached skill level 7 in Axes
  3302 | D:4      | Reached skill level 8 in Axes
  3396 | D:4      | Found a sparkling altar of Nemelex Xobeh.
  3454 | D:4      | Reached XP level 7. HP: 48/64 MP: 6/6
  3722 | D:5      | Entered Level 5 of the Dungeon
  3849 | D:5      | Reached **** piety under Trog
  3859 | D:5      | Reached skill level 9 in Axes
  4547 | D:5      | Found a blossoming altar of Fedhas.
  4548 | D:5      | Found a shadowy altar of Dithmenos.
  4548 | D:5      | Found a sparkling altar of Nemelex Xobeh.
  4549 | D:5      | Found a burning altar of Makhleb.
  4549 | D:5      | Found an ornate altar of the Wu Jian Council.
  5225 | D:6      | Reached XP level 8. HP: 65/73 MP: 7/7
  5283 | D:6      | Found a shimmering altar of Xom.
  5382 | D:6      | Reached skill level 10 in Axes
  5896 | D:6      | Found an opulent altar of Gozag.
  5932 | D:6      | Found a staircase to the Ecumenical Temple.
  6017 | Temple   | Entered the Ecumenical Temple
  6069 | D:7      | Reached skill level 11 in Axes
  6837 | D:7      | Reached skill level 12 in Axes
  6837 | D:7      | Reached XP level 9. HP: 82/82 MP: 8/8
  7078 | D:7      | Noticed Pikel
  7083 | D:7      | Killed Pikel
  7462 | D:8      | Found a stormy altar of Qazlal.
  7475 | D:8      | Noticed a two-headed ogre
  7479 | D:8      | Reached skill level 13 in Axes
  7484 | D:8      | Killed a two-headed ogre
  7484 | D:8      | Reached skill level 10 in Fighting
  7645 | D:8      | Noticed a two-headed ogre
  7652 | D:8      | Killed a two-headed ogre
  7652 | D:8      | Reached skill level 14 in Axes
  7652 | D:8      | Reached XP level 10. HP: 28/94 MP: 9/9
  7664 | D:8      | Noticed a two-headed ogre
  7672 | D:8      | Mangled by a two-headed ogre

Illustrated notes

Levels and vault maps discovered:
D:1:      saegor_arrival_simple_e, layout_basic, minmay_cut_off
D:2:      kennysheep_the_goblin_king, layout_loops_ring, bloody_trog
D:3:      layout_rooms, kennysheep_generic_room_11
D:4:      layout_cave_pools, nemelex_spade_bored_becter
D:5:      layout_basic, grunt_temple_overflow_open
D:6:      layout_cave_pools, nicolae_gozag_cash_rules_everything_around_me,
          nicolae_overflow_crystal_walls, minmay_temple_entry_grid
D:7:      layout_gridville, uniq_pikel
D:8:      layout_basic, tso_altar, grunt_qazlal_clouds
Temple:   nicolae_temple_figure_eight

Skill      XL: |  1  2  3  4  5  6  7  8  9 |
---------------+----------------------------+-----
Fighting       | 4 5 6 7 8 10 | 10.4
Axes           | 4 5 6 8 9 12 14 | 14.1
Armour         | |  2.4
Dodging        | |  2.1
Stealth        | |  0.3

Action                   |  1- 3 |  4- 6 |  7- 9 | 10-12 || total
-------------------------+-------+-------+-------+-------++-------
Melee: Hand axe          |    81 |    96 |   173 |     9 ||   359
       Headbutt          |     8 |    17 |    47 |       ||    72
Invok: Berserk           |     1 |     2 |     3 |     1 ||     7
  Use: Scroll            |     3 |       |     2 |       ||     5
 Stab: Sleeping          |     1 |       |       |       ||     1
Armor: Animal skin       |    12 |    19 |    13 |       ||    44
Dodge: Dodged            |    46 |    48 |    57 |     1 ||   152
Block: Other             |       |    11 |    33 |       ||    44

Table legend: (Time is in decaauts)
 A = Elapsed time spent in this place.
 B = Non-inter-level travel time spent in this place.
 C = Inter-level travel time spent in this place.
 D = Time resting spent in this place.
 E = Time spent auto-exploring this place.
 F = Levels seen in this place.
 G = Mean time per level.
                   A        B        C        D        E       F      G
               +--------+--------+--------+--------+--------+-----+--------+
         Total |   7691 |   7552 |    139 |    486 |   6227 |   9 |  854.6 |
       Dungeon |   7689 |   7550 |    139 |    486 |   6227 |   8 |  961.1 |
        Temple |      1 |      1 |      0 |      0 |      0 |   1 |    1.0 |
               +--------+--------+--------+--------+--------+-----+--------+

Top non-repeatable levels by time:
     D:5: 1481 daAuts
     D:7: 1350 daAuts
     D:3: 1083 daAuts
     D:1: 937 daAuts
     D:2: 919 daAuts
     D:6: 822 daAuts
     D:4: 816 daAuts
     D:8: 279 daAuts
  Temple: 1 daAuts
